 Dungeon Crawl Stone Soup version 0.25-a0-339-gb37b713d4c (webtiles) character file.

Game seed: 17093358575915113051, levelgen mode: deterministic

205 Error4North the Shield-Bearer (level 5, 0/46 HPs)
             Began as a Hill Orc Fighter on Dec 28, 2019.
             Slain by a gnoll
             ... wielding a +0 flail
              (3 damage)
             ... on level 4 of the Dungeon.
             The game lasted 00:07:28 (2721 turns).

Error4North the Shield-Bearer (Hill Orc Fighter)    Turns: 2721, Time: 00:07:29

Health: 0/46       AC:  8    Str: 25    XL:     5   Next: 83%
Magic:  6/6        EV:  8    Int: 13    God:
Gold:   188        SH: 10    Dex: 10    Spells: 6/6 levels left

rFire    . . .     SeeInvis .   a - +0 war axe
rCold    . . .     Gourm    .   c - +0 shield
rNeg     . . .     Faith    .   b - +0 scale mail
rPois    .         Spirit   .   (no helmet)
rElec    .         Reflect  .   (no cloak)
rCorr    .         Harm     .   p - +0 pair of gloves
MR       .....                  (no boots)
Stlth    ..........             (no amulet)
HPRegen  0.15/turn              (no ring)
MPRegen  0.10/turn              (no ring)

@: mighty, brilliant
A: no striking features
a: no special abilities


You were on level 4 of the Dungeon.
You were not hungry.

You visited 1 branch of the dungeon, and saw 4 of its levels.

You collected 188 gold pieces.

Inventory:

Hand Weapons
 a - a +0 war axe (weapon)
Missiles
 k - 36 stones (quivered)
 o - 39 sling bullets
Armour
 b - a +0 scale mail (worn)
 c - a +0 shield (worn)
 p - a +0 pair of gloves (worn)
Jewellery
 v - a cursed ring of teleportation {unknown}
Scrolls
 g - 3 scrolls of remove curse {unknown}
 h - 2 scrolls of teleportation {unknown}
 i - a scroll of fear {unknown}
 l - 3 scrolls of identify {unknown}
 m - a scroll of enchant weapon {unknown}
 n - a scroll of enchant armour {unknown}
 q - a scroll of magic mapping {unknown}
 r - 2 scrolls of blinking {unknown}
 u - a scroll of amnesia {unknown}
Potions
 d - a potion of might
 e - 2 potions of brilliance
 j - 2 potions of curing {unknown}
 t - a potion of ambrosia {unknown}
Comestibles
 f - 6 rations


   Skills:
 + Level 4.3 Fighting
 + Level 4.0 Axes
 + Level 0.5 Throwing
 * Level 4.3 Armour
 + Level 0.7 Dodging
 + Level 0.1 Stealth
 * Level 4.5 Shields
 * Level 1.1 Spellcasting


You had 6 spell levels left.
You didn't know any spells.
Your spell library was empty.

Dungeon Overview and Level Annotations

Branches:
Dungeon (4/15)
 Temple: D:4-7

Altars:
Dithmenos
Kikubaaqudgha

Shops:
D:4 [*


Message History

You slash the gnoll!
The gnoll is severely wounded.
You closely miss the gnoll.
You feel yourself speed up. The gnoll hits you with a +0 flail!
* * * LOW HITPOINT WARNING * * *
The gnoll barely misses you. The gnoll hits you with a +0 flail!
* * * LOW HITPOINT WARNING * * *
You block the gnoll's attack.
It was a potion of brilliance.
You feel clever all of a sudden. The gnoll hits you with a +0 flail.
* * * LOW HITPOINT WARNING * * *
You feel very mighty all of a sudden. You block the gnoll's attack.
Your shield and scale mail prevent you from hitting the gnoll.
You closely miss the gnoll. You slash the gnoll!
You kill the gnoll!
The gnoll hits you with a +0 flail.
You die...

...#.#
########.#.#
...#.#
.........#.#
.#########.#
#.# #.# #.#
.#########[#
......)g.#)#
......g@.(.#
.....###.###
#.# #.# #.#
#.# #.# #.#
#.# #.#


You could see 2 gnolls.

Vanquished Creatures
  A hound (D:4)
  An orc wizard (D:4)
  A worker ant (D:4)
  2 gnolls (D:4)
  3 adders
  An ooze (D:1)
  An adder skeleton (D:4)
  3 dart slugs
  2 leopard geckos
  5 orcs (D:4)
  4 giant cockroaches
  3 goblins
  6 hobgoblins
  4 kobolds
  2 quokkas
  10 bats
  5 frilled lizards
  A leopard gecko zombie (D:2)
  2 quokka skeletons
  4 rats
61 creatures vanquished.

Notes
Turn   | Place    | Note
-------+----------+-------------------------------------------
     0 | D:1      | Error4North the Hill Orc Fighter began the quest for the
                  | Orb.
     0 | D:1      | Reached XP level 1. HP: 19/19 MP: 1/1
    39 | D:1      | Reached XP level 2. HP: 10/27 MP: 2/2
   323 | D:1      | You fall into a shaft and drop 1 floor!
  1094 | D:2      | Reached XP level 3. HP: 33/33 MP: 3/3
  1129 | D:2      | Found an ancient bone altar of Kikubaaqudgha.
  1832 | D:3      | Reached XP level 4. HP: 37/40 MP: 4/4
  1987 | D:3      | Found a shadowy altar of Dithmenos.
  2408 | D:4      | Found Tefatwiris's Antique Armour Emporium.
  2420 | D:4      | Reached skill level 1 in Spellcasting
  2500 | D:4      | Reached XP level 5. HP: 44/46 MP: 6/6
  2508 | D:4      | Found Biex's General Store.
  2719 | D:4      | HP: 2/46 [gnoll/+0 flail (3)]
  2721 | D:4      | Slain by a gnoll

Levels and vault maps discovered:
D:1:      dpeg_arrival_refuge, layout_basic, hangedman_decor_push,
          nrook_mini_backslash
D:2:      layout_loops_ring, kiku_gazebo_pond_becter, first_ration
D:3:      layout_loops_ring, grunt_dithmenos_smoke
D:4:      layout_basic, serial_shops, shop_fountains, shop, shop

Skill      XL: |  1  2  3  4  5 |
---------------+----------------+-----
Axes           | 3 4 |  4.0
Shields        | 4 |  4.5
Armour         | 4 |  4.3
Spellcasting   | 1 |  1.1
Fighting       | 4 |  4.3
Throwing       | |  0.5
Dodging        | |  0.7
Stealth        | |  0.1

Action                   |  1- 3 |  4- 6 || total
-------------------------+-------+-------++-------
Melee: War axe           |   116 |    82 ||   198
Throw: Stone             |    34 |    20 ||    54
  Use: Potion            |       |     2 ||     2
  Eat: Chunk             |     3 |     1 ||     4
       Ration            |       |     1 ||     1
Armor: Scale mail        |    72 |    28 ||   100
Dodge: Dodged            |    52 |    22 ||    74
Block: Shield            |    71 |    38 ||   109

Table legend:
 A = Non-vault XP
 B = Vault XP
 C = Vault XP percentage of total XP
 D = Non-vault monster count
 E = Vault monster count
 F = Vault count percentage of total count
                 A         B        C        D         E       F
            +---------+---------+-------+---------+---------+-------
      Total |     294 |       0 |   0.0 |      61 |       0 |   0.0
            +---------+---------+-------+---------+---------+-------
        D:1 |      33 |       0 |   0.0 |      17 |       0 |   0.0
        D:2 |      37 |       0 |   0.0 |      14 |       0 |   0.0
        D:3 |      39 |       0 |   0.0 |      14 |       0 |   0.0
        D:4 |     185 |       0 |   0.0 |      16 |       0 |   0.0
            +---------+---------+-------+---------+---------+-------
